 Dungeon Crawl Stone Soup version 0.19-a0-1855-gb7442ac (webtiles) character file.

143675 Ijustatesigmund the Unseen (level 16, -14/90 HPs)
             Began as a Spriggan Assassin on Oct 7, 2016.
             Was a High Priest of Okawaru.
             Shot with an arrow by a deep elf master archer (34 damage)
             ... on level 3 of the Elven Halls on Oct 11, 2016.
             The game lasted 02:38:15 (37202 turns).

Ijustatesigmund the Unseen (Spriggan Assassin)     Turns: 37202, Time: 02:38:16

Health: -14/90     AC: 14    Str:  5    XL:     16   Next: 83%
Magic:  0/32       EV: 37    Int: 28    God:    Okawaru [*****.]
Gold:   522        SH: 13    Dex: 25    Spells: 9 memorised, 17 levels left

rFire  + . .     SeeInvis +     W - +5 short sword "Huaquteyg" {flame, MR+ Str-2 Stlth+}
rCold  . . .     Gourm    .     R - +2 robe {MR+}
rNeg   + . .     Faith    .     Q - +3 buckler of Onkoet {MR- Int+9 Dex+7}
rPois  .         Spirit   +     G - +2 hat of the Bear Spirit {Spirit, +Rage rN+ MR++}
rElec  .         Dismiss  .     Z - +2 cloak {MR+}
rCorr  .         Reflect  .     (gloves unavailable)
MR     +++++     Harm     .     (boots unavailable)
Stlth  +++++++++.               J - amulet of regeneration
                                B - ring of the Suburbs {rF+ Int+4 Dex-4 Slay+5}
                                A - +5 ring of protection

@: about to teleport, heroism, very slightly contaminated, very quick
A: unfitting armour, see invisible, herbivore 3, speed 3, magic resistance 1,
slow metabolism 2
a: Heroism, Finesse, Renounce Religion, Evoke Berserk Rage


You were on level 3 of the Elven Halls.
You worshipped Okawaru.
Okawaru was extremely pleased with you.
You were not hungry.

You visited 6 branches of the dungeon, and saw 29 of its levels.

You collected 2741 gold pieces.
You spent 2219 gold pieces at shops.

Inventory:

Hand Weapons
 b - a +0 blowgun
 U - the +5 pair of quick blades "Gyre" and "Gimble" {pierce, Dex-3}
   (Okawaru gifted it to you on level 13 of the Dungeon)

   It inflicts extra damage upon your enemies.
   It affects your dexterity (-3).
 W - the +5 short sword "Huaquteyg" (weapon) {flame, MR+ Str-2 Stlth+}
   (Okawaru gifted it to you on level 13 of the Dungeon)

   It has been specially enchanted to burn those struck by it, causing extra
   injury to most foes and up to half again as much damage against particularly
   susceptible opponents.
   It affects your strength (-2).
   It affects your resistance to hostile enchantments.
   It makes you more stealthy.
Missiles
 e - 97 poisoned needles
 H - 7 tomahawks of dispersal (quivered)
 O - 4 needles of frenzy
Armour
 a - a +2 robe of the Archmagi
 p - the +2 storm dragon scales "Ynlyluf" {-Cast +Blink rElec rN+ Str+3}
   (You acquired it on level 4 of the Lair of Beasts)

   It affects your strength (+3).
   It insulates you from electricity.
   It protects you from negative energy.
   It lets you blink.
   It prevents spellcasting.
 G - the +2 hat of the Bear Spirit (worn) {Spirit, +Rage rN+ MR++}
   (You acquired it on level 9 of the Dungeon)

   It protects you from negative energy.
   It affects your resistance to hostile enchantments.
   It lets you go berserk.
 N - the +2 hat of Space {+Blink Str+2}
   (You acquired it on level 10 of the Dungeon)

   It affects your strength (+2).
   It lets you blink.
 Q - the +3 buckler of Onkoet (worn) {MR- Int+9 Dex+7}
   (You bought it in a shop on level 11 of the Dungeon)

   It affects your intelligence (+9).
   It affects your dexterity (+7).
   It affects your resistance to hostile enchantments.
 R - a +2 robe of magic resistance (worn)
 Z - a +2 cloak of magic resistance (worn)
Jewellery
 c - an uncursed ring of protection from fire
 i - an uncursed ring of resist corrosion
 k - an uncursed ring of poison resistance
 A - a +5 ring of protection (left hand)
 B - the ring of the Suburbs (right hand) {rF+ Int+4 Dex-4 Slay+5}
   (You bought it in a shop on level 2 of the Orcish Mines)

   [ring of protection from fire]

   It affects your intelligence (+4).
   It affects your dexterity (-4).
   It affects your accuracy and damage with ranged weapons and melee attacks
   (+5).
   It protects you from fire.
 J - an amulet of regeneration (around neck)
 L - an uncursed ring of positive energy
 P - an uncursed ring of protection from cold
Wands
 f - a wand of hasting (3/9)
 j - a wand of enslavement (7/24)
 C - a wand of polymorph (15/24)
 F - a wand of lightning (1/15)
 V - a wand of iceblast (5/15)
Scrolls
 h - a scroll of holy word
 o - 7 scrolls of remove curse
 s - 4 scrolls of immolation
 w - 3 scrolls of enchant armour
 x - 3 scrolls of identify
 y - 2 scrolls of teleportation
 E - 4 scrolls of fog
 M - 2 scrolls of summoning
 S - a scroll of magic mapping
Potions
 d - a potion of brilliance
 l - 4 potions of berserk rage
 n - a potion of curing
 q - 2 potions of resistance
 r - 2 potions of flight
 t - 2 potions of agility
 v - a potion of haste
 z - a potion of invisibility
 K - 4 potions of cancellation
 T - 3 potions of magic
 Y - 2 potions of might
Books
 D - a book of Minor Magic

   Spells                             Type                      Level
   a - Magic Dart                     Conjuration                  1
   b - Blink                          Translocation                2
   c - Call Imp                       Summoning                    2
   d - Repel Missiles                 Charms/Air                   2
   e - Slow                           Hexes                        2
   f - Conjure Flame                  Conjuration/Fire             3
   g - Mephitic Cloud                 Conjuration/Poison/Air       3
 I - a book of Changes

   Spells                             Type                      Level
   a - Beastly Appendage              Transmutation                1
   b - Sticks to Snakes               Transmutation                2
   c - Spider Form                    Transmutation/Poison         3
   d - Ice Form                       Ice/Transmutation            4
   e - Blade Hands                    Transmutation                5
 X - a book of Party Tricks

   Spells                             Type                      Level
   a - Summon Butterflies             Summoning                    1
   b - Apportation                    Translocation                1
   c - Lesser Beckoning               Translocation                3
   d - Tukima's Dance                 Hexes                        3
   e - Alistair's Intoxication        Transmutation/Poison         5
   f - Invisibility                   Hexes                        6
Comestibles
 g - 18 bread rations
 m - 36 fruits


   Skills:
 - Level 12.8(17.8) Fighting
 - Level 10.1(15.1) Short Blades
 + Level 4.6(9.6) Throwing
 - Level 12.9(17.9) Dodging
 - Level 16.6(21.6) Stealth
 - Level 4.0(9.0) Shields
 - Level 11.1 Spellcasting
 - Level 4.1 Conjurations
 - Level 3.1 Hexes
 - Level 3.9 Summonings
 + Level 12.5 Translocations
 - Level 3.1 Ice Magic
 - Level 5.0 Air Magic
 - Level 5.5 Poison Magic
 - Level 9.0 Invocations
 - Level 8.5 Evocations


You had 17 spell levels left.
You knew the following spells:

 Your Spells              Type           Power        Failure   Level  Hunger
a - Ensorcelled Hibernat  Hex/Ice        ####..       1%          2    None
b - Mephitic Cloud        Conj/Pois/Air  #####...     1%          3    None
c - Dazzling Spray        Conj/Hex       #####.       2%          3    None
d - Inner Flame           Hex/Fire       ###.....     8%          3    None
e - Apportation           Tloc           ######....   1%          1    None
f - Summon Butterflies    Summ           #####...     1%          1    None
g - Blink                 Tloc           N/A          1%          2    None
h - Repel Missiles        Chrm/Air       ####..       1%          2    None
i - Lesser Beckoning      Tloc           ######....   1%          3    None


Dungeon Overview and Level Annotations

Branches:
Dungeon (15/15)            Temple (1/1) D:4            Lair (6/6) D:10
  Swamp (0/4) Lair:3       Spider (0/4) Lair:2        Slime (0/5) Lair:5
    Orc (2/2) D:10            Elf (3/3) Orc:2        Vaults (0/5) D:13
 Depths (2/5) D:15

Altars:
Ashenzari
Cheibriados
Fedhas
Gozag
Kikubaaqudgha
Makhleb
Okawaru
Qazlal
Ru
Sif Muna
Trog
Uskayaw
Vehumet
Xom
Yredelemnul
Zin
The Shining One
Beogh

Shops:
D:11 [   D:12 %**?   Orc:2 [*(=   Depths:2 =

Portals:
Hell: Depths:1 Depths:2
Abyss: Depths:1

Annotations:
Lair:4 exclusion: oklob plant
Lair:6 exclusion: oklob plant
Elf:2 1 runed door


Innate Abilities, Weirdness & Mutations

You are very small and have problems with some larger weapons.
You are too small for most types of armour.
You have supernaturally acute eyesight. (SInv)
You are a herbivore.
You cover ground extremely quickly.
You need consume almost no food.
You are resistant to hostile enchantments. (MR+)


Message History

Nothing appears to happen.
You hear a shout! x4
As you read the scroll of teleportation, it crumbles to dust.
You feel strangely unstable.
The deep elf master archer shoots an arrow.
You block the arrow.
The deep elf elementalist gestures at you while chanting.
You hear rumbling.
Nothing appears to happen.
The deep elf high priest invokes the aid of its god against you.
Something smites you!
* * * LOW HITPOINT WARNING * * *
Saving game... please wait.
Welcome back, Ijustatesigmund the Spriggan Assassin.
Okawaru says: Bring me glory in combat!
Press ? for a list of commands and other information.
You feel better.
The deep elf master archer shoots an arrow.
The arrow hits you!!!
You die...

**,,,,,****,,,,,,,,**
**,,,,***,,*,,,,,,,,,**
**,,,***,,,,+,,,,......#
**,,,**,,,,,,*,.,,.......
*,,,**,,,,*###e..........
**,,**,,,*##...e.....⌠....
*,,,*,,,##................
**,,**,,##....#**.....ee...
*,,,*,,,#.@.#** **#..[....e
*,,**,,##..## *#...e.ee
*,,#,,,#...# #...2.2e
*,,#.,,#..## *#....(2
*+###'##.E# #....e.
*,........## *#......
*,....e....# #.......
*,.......e.## *#$......
*,..........### **#...e.e..


You could see a deep elf master archer, a deep elf elementalist, a deep elf
demonologist, a deep elf high priest and an earth elemental.

Vanquished Creatures
  A deep elf blademaster (Elf:3)
  Kirke (Lair:5)
  4 deep elf sorcerers
  A frost giant (Depths:1)
  An orc warlord (Orc:1)
  A deep elf demonologist (Elf:3)
  A dire elephant (Lair:6)
  2 deep elf annihilators
  An ettin (D:15)
  A fire dragon (Depths:1)
  A deep elf high priest (Elf:3)
  4 hydras
  A great orb of eyes (Depths:2)
  An ice dragon (Depths:1)
  5 centaur warriors
  2 ogre magi
  20 dancing weapons
  4 deep troll shamans
  A vampire mage (Depths:1)
  4 death yaks (Lair:6)
  2 tengu warriors
  2 orc high priests (Orc:2)
  17 deep elf knights
  A hell knight (D:15)
  3 iron trolls
  3 unseen horrors
  4 deep trolls
  4 wizards
  8 hill giants
  8 deep elf archers
  5 orc knights
  An orb spider (shapeshifter) (Elf:2)
  42 deep elf magi
  2 manticores
  An ugly thing (D:15)
  5 cyclopes
  3 orc sorcerers
  An elephant (Lair:5)
  5 black mambas
  3 centaur skeletons
  A spiny frog (shapeshifter) (Depths:1)
  A gargoyle (D:10)
  A black mamba (shapeshifter) (Elf:1)
  6 spiny frogs
  A freezing wraith (D:13)
  A kobold demonologist (D:14)
  A rime drake (Lair:1)
  4 komodo dragons
  A tengu conjurer (Depths:1)
  A queen bee (Lair:3)
  7 trolls
  4 polar bears
  Grinder (D:5)
  3 hornets (Lair:6)
  5 slime creatures (D:14)
  10 hippogriffs
  A two-headed ogre (Orc:2)
  A bog body (Lair:3)
  14 blink frogs
  3 wyverns
  3 redbacks (Lair:2)
  12 spriggans
  A centaur simulacrum (D:14)
  5 air elementals
  A vampire (D:15)
  3 water elementals
  15 humans (D:13)
  A basilisk (Lair:3)
  A hog (Lair:6)
  48 yaks
  2 fire elementals
  3 hungry ghosts
  2 vampire mosquitoes (D:15)
  3 wargs (Orc:2)
  A mottled dragon (D:11)
  5 insubstantial wisps (Lair:3)
  8 water moccasins
  4 porcupines
  A sky beast (D:13)
  A hornet zombie (D:15)
  29 orc warriors
  A black bear (shapeshifter) (Elf:2)
  7 black bears
  3 phantoms
  A swamp drake (shapeshifter) (D:14)
  3 ice beasts
  15 ogres
  2 tengu (shapeshifter)
  36 wolves
  4 boggarts
  9 centaurs
  17 crocodiles
  A big kobold (D:10)
  13 bullfrogs
  A gnoll sergeant (D:9)
  3 earth elementals (Elf:3)
  4 scorpions
  A water moccasin skeleton (D:10)
  26 killer bees
  8 wights
  An electric eel (D:11)
  5 howler monkeys
  4 crimson imps
  7 hounds
  2 quasits
  4 centaur zombies
  32 orc wizards
  6 bullfrog skeletons
  21 orc priests
  6 jellies
  6 iguanas
  10 worker ants
  2 hound zombies
  A hound skeleton (D:7)
  A howler monkey zombie (D:11)
  4 gnolls (D:9)
  12 adders
  3 shadow imps
  4 oozes
  2 dart slugs
  3 leopard geckos
  58 orcs
  A ball python (D:3)
  2 bats (D:1)
  2 giant cockroaches (D:5)
  11 goblins
  7 hobgoblins
  12 jackals
  3 quokkas
  7 frilled lizards
  9 kobolds
  A leopard gecko zombie (D:7)
  10 rats
  A fungus (Lair:6)
808 creatures vanquished.

Vanquished Creatures (others)
  A deep elf mage (Elf:3)
  4 elephants (Lair:5)
  A guardian serpent (shapeshifter) (Elf:3)
  An air elemental (Elf:3)
  A human (Lair:6)
  A yak (Lair:5)
  4 fungi
  5 plants
18 creatures vanquished.

Grand Total: 826 creatures vanquished

Notes
Turn   | Place    | Note
-------+----------+-------------------------------------------
     0 | D:1      | Ijustatesigmund the Spriggan Assassin began the quest for the Orb.
     0 | D:1      | Reached XP level 1. HP: 10/10 MP: 2/2
    33 | D:1      | Reached skill level 6 in Stealth
   106 | D:1      | Reached XP level 2. HP: 12/14 MP: 3/3
   929 | D:1      | Noticed a scorpion
   960 | D:1      | Killed a scorpion
   960 | D:1      | Reached skill level 7 in Stealth
   960 | D:1      | Reached XP level 3. HP: 11/18 MP: 4/4
   960 | D:1      | Reached XP level 4. HP: 14/22 MP: 5/5
  1824 | D:3      | Noticed a black bear
  1831 | D:3      | Killed a black bear
  1831 | D:3      | Reached skill level 8 in Stealth
  1831 | D:3      | Reached XP level 5. HP: 25/25 MP: 6/6
  2114 | D:3      | Found a hide-covered altar of Uskayaw.
  2176 | D:3      | Reached skill level 5 in Short Blades
  2254 | D:4      | Noticed an ogre
  2289 | D:4      | Killed an ogre
  2289 | D:4      | Reached skill level 9 in Stealth
  2289 | D:4      | Reached XP level 6. HP: 30/30 MP: 7/7
  2660 | D:4      | Found a staircase to the Ecumenical Temple.
  2694 | Temple   | Entered the Ecumenical Temple
  2953 | Temple   | Became a worshipper of Warmaster Okawaru
  3167 | Temple   | Reached skill level 1 in Invocations
  3491 | D:4      | Reached XP level 7. HP: 24/33 MP: 9/9
  3657 | D:5      | Entered Level 5 of the Dungeon
  3762 | D:5      | Reached * piety under Okawaru
  3792 | D:5      | Reached skill level 5 in Dodging
  4046 | D:5      | Noticed Grinder
  4054 | D:5      | Killed Grinder
  4110 | D:5      | Found a sacrificial altar of Ru.
  4751 | D:5      | Reached XP level 8. HP: 23/40 MP: 12/12
  5269 | D:5      | You fall through a shaft for 2 floors!
  5342 | D:7      | Reached ** piety under Okawaru
  5616 | D:7      | Reached skill level 5 in Invocations
  5976 | D:6      | Reached skill level 10 in Stealth
  6452 | D:6      | Reached skill level 5 in Fighting
  6572 | D:6      | Reached skill level 11 in Stealth
  7019 | D:6      | Reached *** piety under Okawaru
  7024 | D:6      | Reached XP level 9. HP: 17/47 MP: 13/13
  7392 | D:7      | Found a stormy altar of Qazlal.
  7746 | D:7      | Reached skill level 12 in Stealth
  8304 | D:7      | Identified a scroll of acquirement
  8650 | D:8      | Reached skill level 1 in Shields
  8927 | D:9      | Reached **** piety under Okawaru
  9025 | D:8      | Found a glowing golden altar of the Shining One.
 10282 | D:9      | Reached XP level 10. HP: 44/53 MP: 14/14
 10485 | D:10     | Entered Level 10 of the Dungeon
 10628 | D:10     | Found a staircase to the Orcish Mines.
 11328 | D:10     | Reached skill level 1 in Evocations
 11353 | D:10     | Found a staircase to the Lair.
 11376 | D:10     | Got a twisted short sword
 11377 | D:10     | Identified the +2 short sword of the Revolution {drain, MP+9 Str+7 SInv} (You found it on level 10 of the Dungeon)
 11434 | D:10     | Reached skill level 1 in Spellcasting
 11646 | D:10     | Noticed a gargoyle
 11649 | D:10     | Killed a gargoyle
 11924 | D:10     | Reached ***** piety under Okawaru
 12338 | D:10     | Got a fine hat
 12349 | D:10     | Identified the +2 hat of Space {+Blink Str+2} (You acquired it on level 10 of the Dungeon)
 12948 | D:11     | Reached skill level 5 in Evocations
 12990 | D:11     | Found Warisata's Antique Armour Shoppe.
 12997 | D:11     | Bought a warped buckler for 247 gold pieces
 13007 | D:11     | Identified the +3 buckler of Onkoet {MR- Int+9 Dex+7} (You bought it in a shop on level 11 of the Dungeon)
 13010 | D:11     | Learned a level 2 spell: Ensorcelled Hibernation
 13164 | D:12     | Reached skill level 5 in Spellcasting
 13509 | D:11     | Noticed a hill giant
 13515 | D:11     | Killed a hill giant
 13587 | D:11     | Noticed a cyclops
 13590 | D:11     | Killed a cyclops
 13590 | D:11     | Received a gift from Okawaru
 13590 | D:11     | Reached skill level 1 in Hexes
 13629 | D:11     | Noticed a cyclops
 13901 | D:11     | Noticed a hill giant
 13907 | D:11     | Killed a hill giant
 13907 | D:11     | Reached skill level 1 in Ice Magic
 13907 | D:11     | Reached XP level 11. HP: 42/56 MP: 21/21
 13982 | D:11     | Noticed a hill giant
 13989 | D:11     | Killed a hill giant
 14820 | D:12     | Found a glowing golden altar of the Shining One.
 14825 | D:12     | Noticed a hill giant
 14850 | D:12     | Killed a hill giant
 15040 | D:12     | Found Gucos's General Store.
 15043 | D:12     | Bought a potion of beneficial mutation for 490 gold pieces
 15043 | D:12     | Gained mutation: You are resistant to hostile enchantments. (MR+) [potion of beneficial mutation]
 15045 | D:12     | Noticed a seven-headed hydra
 15047 | D:12     | Killed a seven-headed hydra
 15056 | D:12     | Found Jinakh's Assorted Antiques.
 15099 | D:12     | Found Tebreummou's Magic Scroll Shop.
 15099 | D:12     | Noticed an unseen horror
 15116 | D:12     | Killed an unseen horror
 15131 | D:12     | Learned a level 3 spell: Mephitic Cloud
 15192 | D:12     | Reached skill level 1 in Air Magic
 15192 | D:12     | Reached skill level 1 in Poison Magic
 15414 | D:12     | Reached skill level 1 in Conjurations
 15435 | D:12     | Found Ruimumad's Food Emporium.
 15541 | D:13     | Found a gate to the Vaults.
 15541 | D:13     | Noticed a hill giant
 15541 | D:13     | Noticed an orc knight
 15541 | D:13     | Noticed an orc knight
 15541 | D:13     | Noticed a centaur warrior
 15574 | D:14     | Learned a level 3 spell: Dazzling Spray
 15583 | D:14     | Noticed a tengu warrior
 15587 | D:14     | Killed a tengu warrior
 15808 | D:13     | Killed an orc knight
 15808 | D:13     | Received a gift from Okawaru
 15808 | D:13     | Reached XP level 12. HP: 60/60 MP: 24/24
 15884 | D:13     | Killed a centaur warrior
 16160 | D:13     | Received a gift from Okawaru
 16165 | D:13     | Got a shimmering short sword {god gift}
 16166 | D:13     | Identified the +5 short sword "Huaquteyg" {flame, MR+ Str-2 Stlth+} (Okawaru gifted it to you on level 13 of the Dungeon)
 16216 | D:13     | Noticed a centaur warrior
 16223 | D:13     | Killed a centaur warrior
 16312 | D:13     | Reached skill level 5 in Poison Magic
 16800 | D:13     | Reached skill level 5 in Air Magic
 16890 | Lair:1   | Entered Level 1 of the Lair of Beasts
 16899 | Lair:1   | Learned a level 3 spell: Inner Flame
 18202 | Lair:2   | Found a hole to the Spider Nest.
 18779 | Lair:2   | Reached skill level 13 in Stealth
 19146 | Lair:2   | Reached ****** piety under Okawaru
 19541 | Lair:3   | Found a staircase to the Swamp.
 19641 | Lair:3   | Received a gift from Okawaru
 19641 | Lair:3   | Reached XP level 13. HP: 66/66 MP: 25/25
 21002 | Lair:4   | Got a steaming storm dragon armour
 21132 | Lair:4   | Identified the +2 storm dragon armour "Ynlyluf" {-Cast +Blink rElec rN+ Str+3} (You acquired it on level 4 of the Lair of Beasts)
 21717 | Lair:5   | Reached skill level 10 in Short Blades
 22263 | Lair:6   | Entered Level 6 of the Lair of Beasts
 22264 | Lair:6   | Reached skill level 14 in Stealth
 22269 | Lair:5   | Found a staircase to the Slime Pits.
 22889 | Lair:6   | Noticed Kirke
 22908 | Lair:5   | Killed Kirke
 22908 | Lair:5   | Received a gift from Okawaru
 22990 | Lair:6   | Reached skill level 10 in Dodging
 23759 | Lair:6   | Reached skill level 15 in Stealth
 23798 | Lair:6   | Reached XP level 14. HP: 55/72 MP: 15/28
 24104 | Lair:6   | Upgraded the game from 0.19-a0-1827-g174f941 to 0.19-a0-1851-g3228ea0
 24856 | Lair:6   | Received a gift from Okawaru
 25300 | Lair:6   | Reached skill level 10 in Spellcasting
 25740 | Orc:1    | Entered Level 1 of the Orcish Mines
 25839 | Orc:2    | Entered Level 2 of the Orcish Mines
 26487 | Orc:2    | Received a gift from Okawaru
 26821 | Orc:2    | Noticed an orc warlord
 26937 | Orc:2    | Found a roughly hewn altar of Beogh.
 27015 | Orc:1    | Killed an orc warlord
 27015 | Orc:1    | Received a gift from Okawaru
 27015 | Orc:1    | Reached skill level 16 in Stealth
 27580 | Orc:2    | Found Kiuth's Antique Weapon Boutique.
 27584 | Orc:2    | Found Jiegibb's Antique Armour Boutique.
 27615 | Orc:2    | Found Numaki's Jewellery Boutique.
 27695 | Orc:2    | Found a roughly hewn altar of Beogh.
 27805 | Orc:2    | Found a staircase to the Elven Halls.
 28002 | Orc:2    | Found Tirghof's General Store.
 28008 | Orc:2    | Bought 2 scrolls of identify for 52 gold pieces
 28008 | Orc:2    | Bought a scroll of identify for 26 gold pieces
 28143 | Orc:2    | Bought a +5 ring of protection for 715 gold pieces
 28143 | Orc:2    | Bought the ring of the Suburbs {rF+ Int+4 Dex-4 Slay+5} for 689 gold pieces
 28966 | D:15     | Entered Level 15 of the Dungeon
 29021 | D:15     | Found a blossoming altar of Fedhas.
 29402 | D:15     | Received a gift from Okawaru
 29455 | D:15     | Reached XP level 15. HP: 45/78 MP: 13/31
 29516 | D:15     | Found a staircase to the Depths.
 29967 | D:15     | Found a deep blue altar of Sif Muna.
 30012 | Depths:1 | Entered Level 1 of the Depths
 30113 | Depths:1 | Noticed a frost giant
 30138 | Depths:1 | Killed a frost giant
 30638 | Depths:1 | Found a one-way gate to the infinite horrors of the Abyss.
 30746 | Depths:1 | Found a gateway to Hell.
 30777 | Depths:1 | Received a gift from Okawaru
 30777 | Depths:1 | Reached skill level 10 in Fighting
 30960 | Depths:2 | Found Vana's Jewellery Shop.
 31051 | Depths:2 | Noticed a titan
 32016 | Lair:1   | Upgraded the game from 0.19-a0-1851-g3228ea0 to 0.19-a0-1855-gb7442ac
 32111 | Elf:1    | Entered Level 1 of the Elven Halls
 32678 | Elf:1    | Received a gift from Okawaru
 32766 | Elf:1    | Noticed a deep elf sorcerer
 32777 | Elf:1    | Killed a deep elf sorcerer
 33273 | Elf:1    | Noticed a deep elf sorcerer
 33283 | Elf:1    | Killed a deep elf sorcerer
 33465 | Elf:2    | Learned a level 1 spell: Apportation
 33467 | Elf:2    | Learned a level 1 spell: Summon Butterflies
 33514 | Elf:2    | Reached skill level 1 in Translocations
 33627 | Elf:2    | Reached skill level 1 in Summonings
 33672 | Elf:2    | Reached XP level 16. HP: 90/90 MP: 32/32
 33735 | Elf:2    | Found a runed door.
 33744 | Elf:2    | Found a runed door.
 34159 | Elf:2    | Received a gift from Okawaru
 34264 | Elf:2    | Learned a level 2 spell: Blink
 34267 | Elf:2    | Learned a level 2 spell: Repel Missiles
 34271 | Elf:2    | Learned a level 3 spell: Lesser Beckoning
 34354 | Elf:2    | Received a gift from Okawaru
 34357 | Elf:2    | Identified the -3 hat of Indecent Exposure {MR+ rCorr Int+3} (Okawaru gifted it to you on level 2 of the Elven Halls)
 34456 | Elf:2    | Reached skill level 5 in Translocations
 34527 | Elf:3    | Entered Level 3 of the Elven Halls
 36207 | Elf:3    | Reached skill level 10 in Translocations
 36289 | Elf:3    | Noticed a deep elf blademaster
 36289 | Elf:3    | Noticed a Hell Sentinel
 36296 | Elf:3    | Noticed a deep elf master archer
 36305 | Elf:3    | Noticed a deep elf blademaster
 36573 | Elf:3    | Received a gift from Okawaru
 36713 | Elf:3    | Killed a deep elf blademaster
 36834 | Elf:3    | Noticed a deep elf master archer
 36835 | Elf:3    | Noticed a Tzitzimitl
 37202 | Elf:3    | Shot with an arrow by a deep elf master archer

Vault maps used:
D:1:      matt_arrival_spirals
D:3:      nicolae_overflow_crystal_walls
D:4:      first_bread, kennysheep_generic_room_9
D:5:      lemuel_round_altar, uniq_grinder
D:7:      nicolae_qazlal_general_emergency
D:8:      basic_altar
D:10:     lair_0_dummy, orc_0_dummy, blue_anna_alchemist
D:11:     wad_river_or_something, serial_shops, shop, lightli_minifort
D:12:     basic_altar, serial_shops, shop, kennysheep_mini_moat, shop, shop
D:13:     david_vaults_3
D:15:     hangedman_depths_entry_civil_slaughter, lemuel_blue_sif_altar,
          fedhas_altar_2
Temple:   dpeg_five_rooms_temple
Lair:1:   grunt_megastairs_4
Lair:2:   spider_nest_entry_webs, lemuel_fruit_tree
Lair:3:   minmay_swamp_entry_wisps, special_room
Lair:4:   minmay_lair_oklob_bushes, grunt_megastairs_2, bh_autumn_forest_stairs
Lair:5:   nicolae_slime_entry_slimehenge, ldierk_geyser, minmay_holes
Lair:6:   minmay_lair_end_enchanted_forest, grunt_megastairs_5,
          infiniplex_staircase_pool, uniq_kirke
Orc:2:    grunt_orc_cross, bh_open_orc_temple
Elf:1:    hangedman_elf_disciples
Elf:3:    minmay_elf_hall_quartered_circle
Depths:1: minmay_crystal_water, abyss_entry, pf_hell_entry_tar_spiral,
          grunt_pan_entry_zigzag, columned_hall_lemuel, grunt_ministairs_8,
          nooodl_food_tri
Depths:2: thingy_vault_2, abyss_entry_flame_altar, hell_entry,
          roderic_lattice_octagonal_star, minmay_shop_star

Skill      XL: |  1  2  3  4  5  6  7  8  9 10 11 12 13 14 15 16 |
---------------+-------------------------------------------------+-----
Stealth        | 6 7 8 9 11 12 13 15 16 | 16.6
Short Blades   | 3 4 5 7 8 9 10 | 10.1
Dodging        | 2 4 5 7 9 10 12 | 12.9
Invocations    | 2 4 5 7 9 |  9.0
Fighting       | 3 5 6 7 8 12 | 12.8
Shields        | 4 |  4.0
Evocations     | 6 8 |  8.5
Spellcasting   | 6 7 9 11 | 11.1
Hexes          | 1 3 |  3.1
Ice Magic      | 1 3 |  3.1
Air Magic      | 2 5 |  5.0
Poison Magic   | 2 5 |  5.5
Conjurations   | 2 4 |  4.1
Throwing       | 4 |  4.6
Translocations | 2 12 | 12.5
Summonings     | 1 3 |  3.9

Action                   |  1- 3 |  4- 6 |  7- 9 | 10-12 | 13-15 | 16-18 || total
-------------------------+-------+-------+-------+-------+-------+-------++-------
Melee: Dagger            |    95 |   124 |   630 |   107 |       |       ||   956
       Short sword       |       |       |       |  1288 |  2127 |   656 ||  4071
       Pair of quick bla |       |       |       |       |   408 |       ||   408
 Fire: Blowgun           |     3 |    19 |    46 |     4 |    56 |       ||   128
Throw: Tomahawk          |       |       |       |     1 |    14 |    15 ||    30
 Cast: Ensorcelled Hiber |       |       |       |    15 |    23 |     1 ||    39
       Mephitic Cloud    |       |       |       |       |    20 |     7 ||    27
       Dazzling Spray    |       |       |       |       |     9 |     4 ||    13
       Inner Flame       |       |       |       |       |     3 |       ||     3
       Lesser Beckoning  |       |       |       |       |       |    18 ||    18
       Blink             |       |       |       |       |       |     3 ||     3
       Repel Missiles    |       |       |       |       |       |     1 ||     1
       Summon Butterflie |       |       |       |       |       |     1 ||     1
Invok: Heroism           |       |       |     3 |    12 |    27 |    10 ||    52
       Finesse           |       |       |       |       |    11 |     1 ||    12
 Abil: Evoke Berserk Rag |       |       |       |       |     1 |       ||     1
Evoke: Wand              |       |       |       |     1 |     3 |       ||     4
  Use: Scroll            |       |    13 |    13 |    11 |    20 |     7 ||    64
       Potion            |       |       |     6 |     2 |     3 |     4 ||    15
 Stab: Sleeping          |     3 |    16 |    21 |    37 |    66 |    18 ||   161
       Distracted        |       |     1 |     3 |     3 |     6 |     5 ||    18
       Confused          |       |       |       |       |    13 |     2 ||    15
       Invisible         |       |       |       |       |     9 |       ||     9
  Eat: Pizza             |       |       |     1 |     2 |     3 |       ||     6
       Royal jelly       |       |       |     1 |     1 |     9 |       ||    11
       Bread ration      |       |       |     1 |       |       |       ||     1
       Fruit             |       |       |       |     7 |       |     1 ||     8
Armor: Robe              |    11 |    12 |    29 |    58 |   112 |    31 ||   253
Dodge: Dodged            |    68 |    59 |   385 |   824 |  1374 |   299 ||  3009
       Deflected         |       |       |       |       |       |     5 ||     5
Block: Buckler           |       |       |    28 |   571 |   792 |   186 ||  1577
